 Dungeon Crawl Stone Soup version 0.29-a0-998-g1987434951 (webtiles) character file.

Game seed: 15414990491386027126

123923 avis the Marksdemigod (level 15, -7/121 HPs)
             Began as a Demigod Ice Elementalist on Aug 4, 2022.
             Mangled by a tyrant leech (25 damage)
             ... summoned by a shadow demon
             ... created by a Zot trap
             ... on level 1 of the Swamp on Aug 6, 2022.
             The game lasted 04:36:10 (33676 turns).

avis the Marksdemigod (Demigod Ice Elementalist)   Turns: 33676, Time: 04:36:18

Health: -7/121     AC: 14    Str: 11    XL:     15   Next: 91%
Magic:  1/30       EV: 25    Int: 26    God:
Gold:   2684       SH:  0    Dex: 34    Spells: 19/28 levels left

rFire   + . .      SeeInvis .   b - +3 arbalest (freeze)
rCold   . . .      Faith    .   (shield currently unavailable)
rNeg    . . .      Spirit   .   g - +0 swamp dragon scales
rPois   +          Reflect  .   y - +0 helmet {Int+3}
rElec   .          Harm     .   j - +0 cloak
rCorr   .          Rampage  +   B - +0 pair of gloves
Will    ++...                   O - +0 pair of boots
Stlth   ++........              Q - amulet "Vus Basm" {Acrobat Rampage *Slow Regen+ Int+4}
HPRegen 1.10/turn               z - ring of Cugh {rF+ Will+ Str+2 Int+2 Stlth-}
MPRegen 0.22/turn               T - +4 ring of evasion

@: lethally poisoned (-7 -> -14), freezing walls, slowed, very slow
A: high MP 1, forlorn, divine attributes
a: no special abilities


You were on level 1 of the Swamp.
You visited 5 branches of the dungeon, and saw 23 of its levels.
You also visited: Ice Cave.

You collected 3204 gold pieces.
You spent 520 gold pieces at shops.

Inventory:

Hand Weapons
 a - the +8 long sword "Wick" {flame, SInv}
   (You found it on level 5 of the Lair of Beasts)

   It burns those it strikes, dealing additional fire damage.
   Big, fiery blades are also staple armaments of hydra-hunters.
   SInv:      It lets you see invisible.
 b - a +3 arbalest of freezing (weapon)
 c - a +2 long sword of holy wrath
 m - the +4 rapier "Weucola" {chaos, rF- Will++ Int+3 Stlth+}
   (You subdued it on level 2 of the Lair of Beasts)

   Each time it hits an enemy it has a different, random effect.
   Int:       It affects your intelligence (+3).
   rF:        It makes you vulnerable to fire.
   Will:      It greatly increases your willpower.
   Stlth:     It makes you more stealthy.
 w - a +1 longbow of flaming
Missiles
 f - 6 silver javelins
 k - 10 throwing nets
Armour
 g - +0 swamp dragon scales (worn)
 j - a +0 cloak (worn)
 y - a +0 helmet of intelligence (worn)
 B - a +0 pair of gloves (worn)
 O - a +0 pair of boots (worn)
 P - +5 steam dragon scales
Jewellery
 z - the ring of Cugh (left hand) {rF+ Will+ Str+2 Int+2 Stlth-}
   (You found it on level 2 of the Swamp)

   [ring of protection from fire]

   Str:       It affects your strength (+2).
   Int:       It affects your intelligence (+2).
   rF:        It protects you from fire.
   Will:      It increases your willpower.
   Stlth:     It makes you less stealthy.
 Q - the amulet "Vus Basm" (around neck) {Acrobat Rampage *Slow Regen+ Int+4}
   (You found it on level 5 of the Lair of Beasts)

   [amulet of the acrobat]

   It increases your evasion while moving and waiting.
   Int:       It affects your intelligence (+4).
   Regen:     It increases your rate of health regeneration.
   *Slow:     It may slow you when you take damage.
   Rampage:   It bestows one free step when moving towards enemies.
 T - a +4 ring of evasion (right hand)
Wands
 i - a wand of mindburst (7)
 l - a wand of acid (12)
 p - a wand of polymorph (5)
 t - a wand of digging (6)
 G - a wand of flame (41)
 J - a wand of roots (29)
 S - a wand of paralysis (19)
Scrolls
 o - 7 scrolls of poison
 v - 6 scrolls of teleportation
 A - 5 scrolls of fear
 I - 2 scrolls of blinking
 K - a scroll of butterflies
 M - a scroll of magic mapping
 N - 3 scrolls of silence
Potions
 d - 3 potions of resistance
 e - 6 potions of magic
 h - 2 potions of might
 n - 3 potions of ambrosia
 q - a potion of flight
 s - 3 potions of lignification
 x - 5 potions of cancellation
 D - 8 potions of curing
 F - 3 potions of haste
 H - 5 potions of brilliance
 L - 7 potions of heal wounds
Miscellaneous
 r - a phantom mirror


   Skills:
 - Level 8.0 Fighting
 - Level 14.0 Long Blades
 * Level 15.1 Ranged Weapons
 - Level 7.0 Armour
 - Level 10.0 Dodging
 - Level 5.0 Stealth
 - Level 7.0 Spellcasting
 - Level 10.0 Ice Magic


You had 19 spell levels left.
You knew the following spells:

 Your Spells              Type           Power      Damage    Failure   Level
a - Freeze                Ice            100%       1d11      1%          1
c - Passwall              Tmut/Erth      7%         N/A       21%         2
o - Ozocubu's Armour      Ice            57%        N/A       1%          3
r - Frozen Ramparts       Ice            100%       1d18      1%          3

Your spell library contained the following spells:

 Spells                   Type           Power      Damage    Failure   Level
 Foxfire                  Conj/Fire      36%        2x1d5     13%         1
 Magic Dart               Conj           36%        1d4       13%         1
 Sandblast                Erth           18%        2d7       13%         1
 Hailstorm                Conj/Ice       35%        3d9       17%         4
 Ice Form                 Ice/Tmut       35%        N/A       17%         4
 Call Imp                 Summ           9%         N/A       21%         2
 Sublimation of Blood     Necr           9%         N/A       21%         2
 Conjure Flame            Conj/Fire      9%         6-21      36%         3
 Dazzling Flash           Conj/Hex       18%        N/A       36%         3
 Inner Flame              Hex/Fire       9%         N/A       36%         3
 Mephitic Cloud           Conj/Pois/Air  9%         N/A       36%         3
 Stone Arrow              Conj/Erth      18%        3d8       36%         3
 Tukima's Dance           Hex            9%         N/A       36%         3
 Metabolic Englaciation   Hex/Ice        17%        N/A       43%         5
 Flame Wave               Conj/Fire      9%         2d6       78%         4
 Iskenderun's Mystic Bla  Conj/Tloc      9%         2d4       78%         4
 Passage of Golubria      Tloc           9%         N/A       78%         4
 Petrify                  Tmut/Erth      9%         N/A       78%         4
 Simulacrum               Ice/Necr       17%        N/A       95%         6
 Agony                    Necr           9%         N/A       98%         5
 Irradiate                Conj/Tmut      4%         3d13      98%         5
 Silence                  Hex/Air        4%         N/A       98%         5
 Summon Forest            Summ/Tloc      4%         N/A       98%         5
 Summon Mana Viper        Hex/Summ       9%         N/A       98%         5
 Yara's Violent Unravell  Hex/Tmut       4%         3d4       98%         5
 Starburst                Conj/Fire      4%         6d4       100%        6
 Summon Cactus Giant      Summ           4%         N/A       100%        6


Dungeon Overview and Level Annotations

Branches:
Dungeon (12/15)            Temple (1/1) D:4            Lair (5/5) D:9
  Swamp (2/4) Lair:3       Spider (3/4) Lair:2        Slime (0/5) Lair:5
    Orc (0/2) D:11          IceCv (visited)

Shops:
D:5 !   D:12 [

Annotations:
D:12 2 runed translucent doors, lembark's ghost, journeyman DsCj
Swamp:1 1 transporter


Innate Abilities, Weirdness & Mutations

You have an increased reservoir of magic. (+10% MP)
You shall have no god before yourself.
Your divine heritage dramatically boosts your attributes as you level up.


Message History

The harpoon shot hits you.
* * * LOW HITPOINT WARNING * * *
You are yanked forward by the harpoon shot.
You violently stop moving!
* * * LOW HITPOINT WARNING * * *
The swamp worm fires a harpoon shot at you.
The harpoon shot misses you.
The wall freezes the swamp worm!
The swamp worm fires a harpoon shot at you.
The harpoon shot hits you!
* * * LOW HITPOINT WARNING * * *
You are yanked forward by the harpoon shot.
You violently stop moving!
The wall freezes the swamp worm.
The swamp worm fires a harpoon shot at you.
The harpoon shot misses you.
You hear a loud "Zot"!
The power of Zot is invoked against you!
You suddenly feel drained of magical energy!
The tyrant leech barely misses you.
The wall freezes the swamp worm!
You kill the swamp worm!
You feel much better.
You are engulfed in dark miasma.
* * * LOW HITPOINT WARNING * * *
The wall freezes the swamp worm.
The shadow demon hits you.
* * * LOW HITPOINT WARNING * * *
The tyrant leech bites you but does no damage.
The wall freezes the swamp worm!
The shadow demon misses you.
You feel much better.
You are engulfed in dark miasma.
* * * LOW HITPOINT WARNING * * *
The wall freezes the swamp worm!
The swamp worm fires a harpoon shot at you.
The harpoon shot misses you. The tyrant leech barely misses you.
The shadow demon hits you!
* * * LOW HITPOINT WARNING * * *
You feel much better.
You are engulfed in dark miasma.
You are poisoned.
* * * LOW HITPOINT WARNING * * *
You feel extremely sick.
The wall freezes the swamp worm!
You kill the swamp worm!
The shadow demon completely misses you. The tyrant leech bites you!!
You die...

.~.~♣♣.~.~~~~~...©...♣ ♣..♣~~~~
~.~.♣♣~~.§~.§~.#####.♣ ♣~~~~§.~
..~..♣♣..~~♣~♣.#=©[#.♣♣♣♣♣~~~.~~~
~♣~..♣♣♣♣.~~.~.#?$[#...♣...~~...~
♣♣...~♣♣~§~..####+####.§.~.~.~~~.
♣♣♣♣♣♣♣♣♣.~..#.§P^P≈##.~..~~♣~♣~~
♣♣♣.♣♣ ♣♣.♣..##§P^P≈w#..~~.~~~§~♣
.....♣♣♣~~§~.#†≈Pw§###.~.~~.~....
.≈....♣~~~~♣.###@2P≈w#....~§..≈≈≈
≈≈≈_♣.♣...§..#§§P^P§##...~~..≈≈≈≈
.≈....♣~~..~.##≈P^P≈w#...~..≈≈≈≈≈
.....♣♣♣.♣♣~.#§§§^.§##.....≈≈≈≈≈≈
♣♣♣.♣♣♣♣♣.♣..###.©P###...~.≈≈≈≈≈≈
♣§♣♣♣♣♣...~~~..#####..~..♣.≈≈≈≈≈.
~.~....~..~.~....©...~§..~~≈≈≈≈.<
...~~...♣.~♣...♣♣~.~..~..§§♣.....
.§~....♣♣.♣~..♣♣♣~§~♣♣~♣.....~...


You could see a tyrant leech (summoned), a shadow demon and 3 swamp worms.

Vanquished Creatures
  Gastronok (D:10)
  Kirke (Lair:4)
  2 fenstrider witches (Swamp:2)
  3 emperor scorpions
  A ghost moth (Spider:1)
  Louise (Spider:1)
  An eleionoma (Swamp:2)
  Nessos (Lair:3)
  A bunyip (Swamp:2)
  2 entropy weavers
  Josephine (Lair:4)
  The ghost of Tuin the Fighter, a journeyman MiBe of Trog (Lair:2)
  A jorogumo (Spider:2)
  Harold (D:10)
  3 catoblepae (Lair:5)
  3 boulder beetles
  A ghost crab (Swamp:1)
  7 hydras
  3 radroaches
  A dancing weapon (Lair:2)
  5 two-headed ogres
  5 alligators
  2 ironbound frosthearts (IceCv)
  Erica (D:8)
  19 death yaks
  Urug (Lair:4)
  Amaemon (Lair:2)
  Nergalle (D:10)
  Sonja (Lair:4)
  3 goliath frogs (Swamp:1)
  5 pharaoh ants
  3 steelbarb worms
  5 orb spiders
  Pikel (D:5)
  A swamp dragon (Swamp:2)
  A bog body (Lair:3)
  13 wolf spiders
  An ugly thing (D:10)
  A will-o-the-wisp (Swamp:2)
  3 manticores
  8 elephants
  6 black mambas
  An eye of devastation (Lair:5)
  Joseph (D:8)
  Maurice (D:8)
  2 ice statues
  4 torpor snails
  5 cane toads
  A rime drake (Lair:5)
  The ghost of gelatine the Firebug, a novice DsFE of Vehumet (D:5)
  An orange demon (Lair:2)
  Maggie (D:9)
  7 demonic crawlers
  3 komodo dragons
  A freezing wraith (Lair:5)
  4 trolls
  4 tyrant leeches
  14 tarantellas
  12 polar bears
  Prince Ribbit (D:6)
  A hornet (D:9)
  17 blink frogs
  14 dream sheep
  3 slime creatures (D:12)
  17 culicivoras
  15 jumping spiders
  4 wyverns
  81 yaks
  Sigmund (D:2)
  2 shadows
  9 wraiths
  3 vampire mosquitoes (Swamp:1)
  3 basilisks
  2 hogs (Lair:4)
  3 humans (Lair:4)
  34 redbacks
  Grum (D:8)
  3 steam dragons
  Menkaure (D:6)
  8 swamp worms
  2 acid dragons
  13 water moccasins
  Duvessa (D:7)
  Edmund (D:5)
  A floating eye (Lair:5)
  A sky beast (D:7)
  11 orc warriors
  A black bear (D:4)
  3 ice beasts (Lair:5)
  4 ogres
  25 wolves
  3 centaurs
  2 phantoms
  A lemure (D:5)
  3 kobold brigands
  16 bullfrogs
  4 scorpions
  2 gnoll sergeants
  5 wights (D:7)
  Dowan (D:7)
  3 killer bees (D:9)
  A howler monkey (D:10)
  4 electric eels (Spider:3)
  A lava snake (D:12)
  3 jellies
  7 orc priests
  Crazy Yiuf (D:5)
  8 hounds
  3 gnoll boudas
  6 iguanas
  Ijyb (D:5)
  17 orc wizards
  Natasha (thrice) (D:2)
  25 gnolls
  8 adders
  A shadow imp (D:7)
  17 white imps
  An ufetubus (D:4)
  3 worms
  4 dart slugs
  46 orcs
  6 endoplasms
  A giant cockroach (D:2)
  6 goblins
  11 hobgoblins
  5 jackals (D:1)
  18 kobolds
  5 quokkas
  3 ball pythons
  9 bats
  3 frilled lizards (D:1)
  4 rats
  A spectral orc (D:5)
  2 briar patches (Swamp:1)
  A butterfly (Lair:3)
747 creatures vanquished.

Vanquished Creatures (others)
  A bloated husk (Swamp:1)
  A briar patch (Swamp:1)
  A butterfly (Lair:3)
  4 foxfires (Swamp:2)
  39 fungi
  20 plants
66 creatures vanquished.

Grand Total: 813 creatures vanquished

Notes
Turn   | Place    | Note
-------+----------+-------------------------------------------
     0 | D:1      | avis the Demigod Ice Elementalist began the quest for the
                  | Orb.
     0 | D:1      | Reached XP level 1. HP: 14/14 MP: 5/5
   207 | D:1      | Reached skill level 1 in Fighting
   358 | D:1      | Reached XP level 2. HP: 23/23 MP: 7/7
   783 | D:1      | Reached XP level 3. HP: 29/29 MP: 8/8
   787 | D:1      | Learned a level 3 spell: Ozocubu's Armour
  1090 | D:2      | Identified the +8 mace of Objectivity {drain, rC+}
  1292 | D:2      | Noticed Sigmund
  1648 | D:2      | Noticed Natasha
  1654 | D:2      | Killed Natasha
  1660 | D:2      | Reached XP level 4. HP: 38/38 MP: 10/10
  1663 | D:2      | Noticed Natasha
  1677 | D:2      | Killed Natasha
  1877 | D:2      | Learned a level 3 spell: Frozen Ramparts
  1887 | D:2      | Noticed Natasha
  1900 | D:2      | Killed Natasha
  2169 | D:2      | Reached XP level 5. HP: 25/45 MP: 10/12
  2854 | D:2      | Killed Sigmund
  2855 | D:2      | Reached skill level 5 in Ice Magic
  2855 | D:2      | Reached XP level 6. HP: 47/51 MP: 10/14
  4047 | D:4      | Reached XP level 7. HP: 21/57 MP: 6/16
  4428 | D:4      | Found a staircase to the Ecumenical Temple.
  4438 | D:4      | Reached skill level 5 in Spellcasting
  4904 | Temple   | Entered the Ecumenical Temple
  4924 | D:5      | Entered Level 5 of the Dungeon
  4924 | D:5      | Noticed gelatine's ghost (novice DsFE)
  4924 | D:5      | Found a runed translucent door.
  5229 | D:5      | Reached XP level 8. HP: 66/66 MP: 19/19
  5322 | D:5      | Reached skill level 1 in Ranged Weapons
  5486 | D:5      | Found a runed translucent door.
  5528 | D:5      | Noticed Pikel
  5541 | D:5      | Killed Pikel
  5542 | D:5      | Reached skill level 2 in Ranged Weapons
  5606 | D:5      | Found Haqystut's Distillery.
  5702 | D:5      | Bought a potion of curing for 30 gold pieces
  5702 | D:5      | Bought a potion of attraction for 30 gold pieces
  5702 | D:5      | Bought a potion of brilliance for 40 gold pieces
  5702 | D:5      | Bought a potion of invisibility for 80 gold pieces
  5849 | D:5      | Noticed Edmund
  5856 | D:5      | Killed Edmund
  6128 | D:5      | Noticed Ijyb
  6137 | D:5      | Killed Ijyb
  6143 | D:5      | Noticed a troll
  6147 | D:5      | Killed a troll
  6151 | D:5      | Reached skill level 5 in Fighting
  6244 | D:5      | Reached XP level 9. HP: 74/74 MP: 20/20
  6632 | D:5      | Noticed Crazy Yiuf
  6639 | D:5      | Killed Crazy Yiuf
  6881 | D:6      | Reached skill level 3 in Ranged Weapons
  7053 | D:5      | Reached skill level 4 in Ranged Weapons
  7312 | D:6      | Noticed Prince Ribbit
  7319 | D:6      | Killed Prince Ribbit
  8567 | D:7      | Noticed Menkaure
  8796 | D:7      | Noticed Dowan
  8886 | D:6      | Reached skill level 5 in Ranged Weapons
  9278 | D:6      | Killed Menkaure
  9501 | D:7      | Noticed Duvessa
  9508 | D:7      | Killed Duvessa
  9623 | D:7      | Reached skill level 6 in Ranged Weapons
  9705 | D:7      | Reached XP level 10. HP: 83/83 MP: 21/21
  9974 | D:7      | Reached skill level 5 in Armour
 10078 | D:7      | Killed Dowan
 10529 | D:8      | Noticed Erica
 10594 | D:8      | Noticed Grum
 10596 | D:8      | Reached skill level 5 in Dodging
 10600 | D:8      | Noticed Maurice
 10602 | D:8      | Killed Grum
 10613 | D:8      | Killed Maurice
 10677 | D:8      | Noticed Joseph
 10722 | D:8      | Killed Erica
 10819 | D:8      | Killed Joseph
 11679 | D:9      | Found a staircase to the Lair.
 12184 | D:9      | Reached skill level 7 in Ranged Weapons
 12205 | D:9      | Reached XP level 11. HP: 89/89 MP: 22/22
 12656 | D:9      | Noticed Maggie
 12670 | D:9      | Killed Maggie
 12672 | D:9      | Reached skill level 8 in Ranged Weapons
 12806 | D:9      | Reached skill level 1 in Long Blades
 12918 | Lair:1   | Entered Level 1 of the Lair of Beasts
 14025 | Lair:2   | Noticed a death yak
 14028 | Lair:2   | Noticed a death yak
 14075 | Lair:1   | Killed a death yak
 14240 | Lair:2   | Noticed a death yak
 14250 | Lair:1   | Killed a death yak
 14337 | Lair:1   | Killed a death yak
 14511 | Lair:2   | Reached skill level 10 in Ice Magic
 14623 | Lair:2   | Found a runed translucent door.
 14623 | Lair:2   | Noticed Tuin's ghost (journeyman MiBe)
 14626 | Lair:2   | Identified the +4 rapier "Weucola" {chaos, rF- Will++ Int+3
                  | Stlth+}
 14626 | Lair:2   | Noticed a +4 rapier "Weucola" {chaos, rF- Will++ Int+3
                  | Stlth+}
 15745 | Lair:2   | Found a hole to the Spider Nest.
 15927 | Lair:1   | Upgraded the game from 0.29-a0-997-gf6f7e2dfe7 to
                  | 0.29-a0-998-g1987434951
 16093 | Lair:3   | Found a frozen archway.
 16123 | IceCv    | Entered an ice cave
 16157 | IceCv    | Reached XP level 12. HP: 94/100 MP: 25/25
 16271 | IceCv    | Reached skill level 5 in Long Blades
 17205 | IceCv    | Got Sif Muna's Volume of the Glacier
 17214 | IceCv    | Noticed an ironbound frostheart
 17214 | IceCv    | Noticed an ironbound frostheart
 17245 | IceCv    | Reached skill level 9 in Ranged Weapons
 17257 | IceCv    | Killed an ironbound frostheart
 17269 | IceCv    | Killed an ironbound frostheart
 17317 | IceCv    | Reached skill level 10 in Ranged Weapons
 17979 | Lair:3   | Noticed Nessos
 17980 | Lair:3   | Found a staircase to the Swamp.
 17980 | Lair:3   | Noticed a boulder beetle
 17981 | Lair:3   | Noticed Amaemon
 18002 | Lair:2   | Killed a boulder beetle
 18003 | Lair:2   | Reached XP level 13. HP: 100/105 MP: 26/26
 18193 | Lair:2   | Killed Amaemon
 18194 | Lair:2   | Reached skill level 10 in Dodging
 18508 | Lair:3   | Killed Nessos
 19003 | Lair:3   | Reached skill level 5 in Stealth
 19806 | Lair:4   | Noticed Kirke
 19823 | Lair:4   | Killed Kirke
 19914 | Lair:4   | Noticed Sonja
 19915 | Lair:4   | Noticed Urug
 19920 | Lair:4   | Killed Sonja
 19925 | Lair:4   | Killed Urug
 20300 | Lair:4   | Noticed Josephine
 20316 | Lair:4   | Killed Josephine
 21054 | Lair:5   | Entered Level 5 of the Lair of Beasts
 22006 | Lair:5   | Found a staircase to the Slime Pits.
 22100 | Lair:5   | Reached skill level 10 in Long Blades
 22100 | Lair:5   | Reached XP level 14. HP: 115/115 MP: 28/28
 22103 | Lair:5   | Learned a level 2 spell: Passwall
 22583 | Lair:5   | Reached skill level 11 in Ranged Weapons
 23069 | Lair:5   | Identified the +8 long sword "Wick" {flame, SInv}
 23073 | Lair:5   | Identified the amulet "Vus Basm" {Acrobat Rampage *Slow
                  | Regen+ Int+4}
 23532 | Lair:1   | Identified a scroll of acquirement
 23533 | Lair:1   | Acquired a staff of cold
 23790 | Spider:1 | Entered Level 1 of the Spider Nest
 23796 | Spider:1 | Noticed an emperor scorpion
 23841 | Spider:1 | Killed an emperor scorpion
 23842 | Spider:1 | Reached skill level 12 in Ranged Weapons
 24392 | Spider:1 | Noticed an emperor scorpion
 24412 | Spider:1 | Killed an emperor scorpion
 24865 | Spider:1 | Noticed Louise
 24881 | Spider:1 | Killed Louise
 25027 | Spider:1 | Noticed a ghost moth
 25036 | Spider:1 | Killed a ghost moth
 25557 | Swamp:1  | Entered Level 1 of the Swamp
 25588 | Swamp:1  | Found a transporter.
 25628 | Swamp:1  | Found a transporter.
 26466 | D:10     | Entered Level 10 of the Dungeon
 26595 | D:10     | Noticed Harold
 26616 | D:10     | Killed Harold
 26854 | D:10     | Reached skill level 13 in Ranged Weapons
 27002 | D:10     | Noticed Nergalle
 27002 | D:10     | Noticed Gastronok
 27050 | D:10     | Killed Nergalle
 27130 | D:10     | Reached XP level 15. HP: 121/121 MP: 30/30
 27158 | D:10     | Killed Gastronok
 27536 | Spider:2 | You fall into a shaft and drop 1 floor!
 27891 | Spider:2 | Reached skill level 14 in Ranged Weapons
 28899 | Swamp:2  | Identified the ring of Cugh {rF+ Will+ Str+2 Int+2 Stlth-}
 29064 | Swamp:2  | Noticed a fenstrider witch
 29080 | Swamp:2  | Killed a fenstrider witch
 29214 | Swamp:2  | Noticed a fenstrider witch
 29220 | Swamp:2  | Killed a fenstrider witch
 29773 | D:5      | Bought a potion of curing for 30 gold pieces
 29773 | D:5      | Bought a potion of heal wounds for 50 gold pieces
 29773 | D:5      | Bought 2 potions of mutation for 160 gold pieces
 29773 | D:5      | Bought a potion of resistance for 100 gold pieces
 30112 | D:11     | Found a staircase to the Orcish Mines.
 32442 | Lair:1   | Acquired 974 gold pieces
 32606 | D:12     | Noticed lembark's ghost (journeyman DsCj)
 32606 | D:12     | Noticed a lich
 32658 | D:12     | Found a runed translucent door.
 32666 | D:12     | Found a runed translucent door.
 32858 | D:12     | Found Ukleery's Armour Emporium.
 33362 | D:5      | Killed gelatine's ghost
 33363 | D:5      | Reached skill level 15 in Ranged Weapons
 33514 | Lair:2   | Killed Tuin's ghost
 33674 | Swamp:1  | HP: 6/121 [shadow demon[a Zot trap] (5)]
 33676 | Swamp:1  | Mangled by a tyrant leech

Illustrated notes

Levels and vault maps discovered:
D:1:      evilmike_arrival_crescent, layout_basic
D:2:      layout_loops_corners, basic_altar, uniq_natasha, uniq_sigmund
D:3:      layout_rooms, nemelex_spade_bored_becter, bloody_trog,
          marbit_many_paths, mainiacjoe_overflow_cross_hatched,
          basic_ecumenical_altar
D:4:      wad_river_or_something, layout_rooms,
          minmay_temple_entry_purple_smoke, minmay_close_crescents
D:5:      layout_basic, yredelemnul_forgotten_temple_becter, serial_shops,
          shop_statue, gammafunk_ghost_grave, minmay_chambers_of_fives,
          uniq_edmund, uniq_pikel, uniq_ijyb, uniq_crazy_yiuf_cottage
D:6:      layout_gridville, nicolae_overflow_crystal_walls,
          kennysheep_orc_sif_temple, uniq_prince_ribbit1
D:7:      layout_cave_pools, grunt_dithmenos_shadows, general_overflow_altar,
          kennysheep_generic_room_6, uniq_menkaure, uniq_duvessa
D:8:      layout_rooms, nicolae_ru_awakened_eye,
          mainiacjoe_overflow_tiny_flanked, hangedman_abyss_or_decor_passed,
          minivault_25, uniq_grum, uniq_joseph, uniq_erica, uniq_maurice
D:9:      layout_gridville, elyvilon_altar_5, overflow_temple_1_default,
          lair_entry_dummy, uniq_maggie
D:10:     layout_big_octagon, nicolae_qazlal_style_of_elements, uniq_harold,
          uniq_nergalle, uniq_gastronok
D:11:     layout_long_grid, david_orc_4, serial_co_window_serial,
          co_window_paths_a, co_window_cross_1, co_window_of_opportunity_a,
          co_window_paths_a, co_window_of_opportunity_a,
          co_window_of_opportunity_b, co_window_broadway_c,
          co_window_broadway_b, co_window_broadway_c, co_window_unsneaky_path_b,
          co_window_2corner, dreamdust_mushroom_princess
D:12:     layout_roguey, muffindrake_ghost_dual_entry, serial_shops,
          nicolae_inconvenience_store, slow_altar_1
Temple:   hellmonk_temple_flake
Lair:1:   hellmonk_destroyed_diamonds, layout_regular_city, st_stairs_10,
          serial_bayou_pond_a
Lair:2:   layout_layer_cave, hellmonk_spider_entry_life_and_decay,
          ebering_ghost_xom, chequers_serial_rivers_micro_c, grunt_megastairs_5
Lair:3:   layout_hall_layers, skrybe_swamp_entry_bodies,
          portal_ice_cave_entry_imps, lemuel_old_faithful,
          infiniplex_staircase_pool_2, grunt_megastairs_4, serial_bayou_shore_b,
          serial_bayou_shore_b, lemuel_fruit_fields, lemuel_fruit_tree,
          uniq_amaemon, uniq_nessos
Lair:4:   layout_cave_pods, uniq_josephine, uniq_sonja, uniq_kirke, uniq_urug
Lair:5:   evilmike_catoblepas_cave, layout_regular_city,
          minmay_slime_entry_eyes, ice2_lemuel
Swamp:1:  gammafunk_worm_tunnel, layout_falls_marsh, nicolae_swamp_godswood,
          swamp_pool2, infiniplex_staircase_pool
Swamp:2:  layout_falls_marsh, evilmike_swamp_ruin_house_1, swamp_pool4
Spider:1: layout_cave_pods, uniq_louise
Spider:2: layout_spider_delve
Spider:3: layout_spider_delve, drop_trap

Skill      XL: |  1  2  3  4  5  6  7  8  9 10 11 12 13 14 15 |
---------------+----------------------------------------------+-----
Fighting       | 1 2 3 4 5 6 7 8 |  8.0
Spellcasting   | 2 3 4 5 6 7 |  7.0
Dodging        | 2 3 4 8 9 10 | 10.0
Ice Magic      | 4 5 6 7 8 10 | 10.0
Ranged Weapons | 2 6 7 8 10 13 15 | 15.1
Armour         | 3 4 5 7 |  7.0
Stealth        | 2 5 |  5.0
Long Blades    | 4 8 10 12 14 | 14.0

Action                   |  1- 3 |  4- 6 |  7- 9 | 10-12 | 13-15 || total
-------------------------+-------+-------+-------+-------+-------++-------
Melee: Mace              |       |    45 |    96 |    32 |       ||   173
       Punch             |       |       |     2 |    11 |     6 ||    19
       Scimitar          |       |       |       |   377 |    40 ||   417
       Long sword        |       |       |       |       |   208 ||   208
 Fire: Sling             |    61 |    27 |    51 |       |       ||   139
       Shortbow          |       |       |    65 |   274 |    28 ||   367
       Arbalest          |       |       |       |       |   622 ||   622
       Longbow           |       |       |       |       |   297 ||   297
 Cast: Freeze            |    32 |     9 |     7 |     4 |     1 ||    53
       Ozocubu's Armour  |     1 |     9 |    45 |    71 |   155 ||   281
       Frozen Ramparts   |       |    11 |    43 |    58 |   137 ||   249
Evoke: Wand              |       |       |       |       |     1 ||     1
  Use: Scroll            |       |       |     9 |    10 |    13 ||    32
       Potion            |       |       |     1 |     4 |    16 ||    21
 Stab: Sleeping          |       |     5 |     4 |       |     1 ||    10
       Invisible         |       |       |       |       |     1 ||     1
Armor: Robe              |     5 |    21 |    52 |     6 |       ||    84
       Leather armour    |     1 |     3 |       |       |       ||     4
       Steam dragon scal |       |       |    25 |   192 |   167 ||   384
       Swamp dragon scal |       |       |       |       |   101 ||   101
Dodge: Dodged            |    26 |    52 |   148 |   505 |   959 ||  1690

Table legend: (Time is in decaauts)
 A = Elapsed time spent in this place.
 B = Non-inter-level travel time spent in this place.
 C = Inter-level travel time spent in this place.
 D = Time resting spent in this place.
 E = Time spent auto-exploring this place.
 F = Levels seen in this place.
 G = Mean time per level.
                   A        B        C        D        E       F      G
               +--------+--------+--------+--------+--------+-----+--------+
         Total |  34254 |  29574 |   4680 |  10139 |  10542 |  24 | 1427.2 |
       Dungeon |  16640 |  14271 |   2369 |   4930 |   5820 |  12 | 1386.7 |
        Temple |     65 |     61 |      4 |      0 |      0 |   1 |   65.0 |
          Lair |  10355 |   8630 |   1725 |   3313 |   3131 |   5 | 2071.0 |
         Swamp |   1753 |   1541 |    212 |    253 |    688 |   2 |  876.5 |
   Spider Nest |   3823 |   3454 |    369 |   1077 |    723 |   3 | 1274.3 |
      Ice Cave |   1616 |   1616 |      0 |    566 |    179 |   1 | 1616.0 |
               +--------+--------+--------+--------+--------+-----+--------+

Top non-repeatable levels by time:
  Lair:2: 2914 daAuts
     D:5: 2414 daAuts
  Lair:5: 2413 daAuts
     D:6: 2171 daAuts
  Lair:1: 1957 daAuts
     D:2: 1905 daAuts
Spider:1: 1665 daAuts
   IceCv: 1616 daAuts
  Lair:4: 1591 daAuts
     D:9: 1534 daAuts
  Lair:3: 1478 daAuts
     D:7: 1274 daAuts
     D:1: 1243 daAuts
     D:4: 1205 daAuts
Spider:2: 1178 daAuts
